 Dungeon Crawl Stone Soup version 0.28.0-53-g5a82cb258f (webtiles) character file.

Game seed: 2802129154003297184

74025 Infinimo the Bludgeoner (level 15, -7/141 HPs)
             Began as a Minotaur Berserker on June 10, 2022.
             Was a High Priest of Trog.
             Mangled by a two-headed ogre
             ... wielding a +0 giant club
              (21 damage)
             ... on level 1 of the Orcish Mines.
             The game lasted 00:27:06 (26859 turns).

Infinimo the Bludgeoner (Minotaur Berserker)       Turns: 26859, Time: 00:27:06

Health: -7/141     AC: 33    Str: 28    XL:     15   Next: 5%
Magic:  14/14      EV:  9    Int:  4    God:    Trog [*****.]
Gold:   1428       SH:  7    Dex: 13    Spells: 14/14 levels left

rFire   + . .      SeeInvis +   r - +0 morningstar (protect)
rCold   + + .      Faith    .   m - +0 buckler
rNeg    . . .      Spirit   .   w - +2 plate armour {rC+}
rPois   .          Reflect  .   (helmet restricted)
rElec   .          Harm     .   (no cloak)
rCorr   .          Rampage  ∞   z - +1 pair of gloves "Ucasit" {rC+ Dex+2 SInv Stlth+}
Will    +....                   J - +3 pair of seven-league boots {Rampage+∞}
Stlth   ..........              (no amulet)
HPRegen 0.33/turn               y - ring of protection from fire
MPRegen 0.14/turn               (no ring)

@: about to teleport, under a protective aura, on berserk cooldown, slowed, very
slow
A: horns 2, retaliatory headbutt
a: Renounce Religion, Berserk, Trog's Hand, Brothers in Arms


You were on level 1 of the Orcish Mines.
You worshipped Trog.
Trog was extremely pleased with you.
You visited 3 branches of the dungeon, and saw 21 of its levels.

You collected 1682 gold pieces.
You spent 254 gold pieces at shops.

Inventory:

Hand Weapons
 r - a +0 morningstar of protection (weapon)
Missiles
 e - 4 throwing nets (quivered)
Armour
 m - a +0 buckler (worn)
 v - a +2 pair of gloves of infusion
 w - a +2 plate armour of cold resistance (worn)
 z - the +1 pair of gloves "Ucasit" (worn) {rC+ Dex+2 SInv Stlth+}
   (You acquired it on level 6 of the Lair of Beasts)

   Dex:       It affects your dexterity (+2).
   rC:        It protects you from cold.
   SInv:      It lets you see invisible.
   Stlth:     It makes you more stealthy.
 J - the +3 pair of seven-league boots (worn) {Rampage+∞}
   (You found it on level 3 of the Lair of Beasts)

   Its wearer moves as far as possible in that direction when moving towards
   enemies.
Jewellery
 k - a ring of magical power
 u - a ring of see invisible
 y - a ring of protection from fire (left hand)
 E - a ring of ice
 F - an amulet of magic regeneration
 K - a ring of magical power
Wands
 i - a wand of flame (44)
 o - a wand of mindburst (12)
 p - a wand of digging (7)
 B - a wand of paralysis (8)
 C - a wand of iceblast (8)
 G - a wand of acid (3)
Scrolls
 a - 7 scrolls of teleportation
 d - 7 scrolls of enchant weapon
 l - 3 scrolls of blinking
 n - a scroll of fog
 x - 9 scrolls of identify
 A - 2 scrolls of immolation
 H - 2 scrolls of amnesia
Potions
 b - a potion of attraction
 c - 3 potions of brilliance
 f - 8 potions of might
 g - 2 potions of heal wounds
 h - 7 potions of curing
 j - 2 potions of degeneration {unknown}
 q - 2 potions of haste
 s - 3 potions of cancellation {unknown}
 t - 7 potions of lignification
 D - a potion of ambrosia
 I - a potion of flight


   Skills:
 + Level 15.0 Fighting
 * Level 20.3 Maces & Flails
 + Level 14.8 Armour
 - Level 2.1 Dodging
 + Level 14.1 Shields


You had 14 spell levels left.
You didn't know any spells.
Your spell library was empty.

Dungeon Overview and Level Annotations

Branches:
Dungeon (13/15)            Temple (0/1) D:7            Lair (6/6) D:10
 Shoals (0/4) Lair:2       Spider (0/4) Lair:4        Slime (0/5) Lair:6
    Orc (2/2) D:9
    Elf: Orc:2       Vaults: D:13-14

Altars:
Ashenzari
Elyvilon
Beogh
Jiyva

Shops:
D:2 (   D:9 ?

Annotations:
D:5 2 transporters, ghwc's ghost, amateur MiAK


Innate Abilities, Weirdness & Mutations

You have a pair of horns on your head.
You reflexively headbutt those who attack you in melee.


Message History

You kill the orc!
Trog accepts your kill. The warg bites you but does no damage.
The two-headed ogre hits you with a +0 giant spiked club!
The two-headed ogre barely misses you.
You impale the two-headed ogre!!
Your headbutt misses the two-headed ogre.
The two-headed ogre is moderately wounded.
The two-headed ogre hits you but does no damage.
The two-headed ogre hits you with a +0 giant spiked club!
* * * LOW HITPOINT WARNING * * *
You block the warg's attack.
You sock the two-headed ogre! You headbutt the two-headed ogre!
The two-headed ogre is severely wounded.
You are no longer berserk.
You are exhausted.
You feel yourself slow down. The troll bites you but does no damage.
You block the troll's attack. The troll claws you but does no damage.
You puncture the two-headed ogre!
You headbutt the two-headed ogre, but do no damage.
The two-headed ogre is severely wounded.
You block the warg's attack.
The two-headed ogre hits you with a +0 giant spiked club!
* * * LOW HITPOINT WARNING * * *
The two-headed ogre completely misses you.
The two-headed ogre hits you but does no damage.
The two-headed ogre barely misses you. The troll bites you but does no damage.
The troll claws you!
* * * LOW HITPOINT WARNING * * *
You block the troll's attack. The warg bites you!
* * * LOW HITPOINT WARNING * * *
As you read the scroll of teleportation, it crumbles to dust.
You feel strangely unstable.
The two-headed ogre completely misses you.
The two-headed ogre closely misses you. You block the warg's attack.
The troll closely misses you. The troll claws you.
* * * LOW HITPOINT WARNING * * *
The troll claws you but does no damage.
The two-headed ogre hits you with a +0 giant club!!
You die...

..#####.#..#...................##
...#.#####.#........#...........#
..#...###.......................#
.......###..............#.......#
........#......................##
........).......................#
.#.....#.................#.....##
.##.#..........OO)......))....##
..####.........$@h.......).....#
.###.#...#.....[[T........##...##
#.#.................[)[[..###...#
.................<..).[..## ##.##
#.........#...###....[[...# ###
....#..........#.........##
#..................##...##
##.......#.....#.#####.##
##.......##.##### ###


You could see 2 two-headed ogres, a troll and a warg.

Vanquished Creatures
  4 dire elephants (Lair:6)
  Snorg (Orc:1)
  A fire dragon (D:9)
  2 boulder beetles (Lair:3)
  5 hydras
  A centaur warrior (D:12)
  A catoblepas (Lair:6)
  2 two-headed ogres
  Erica (D:9)
  22 death yaks
  A tengu warrior (D:13)
  Nergalle (Orc:1)
  A spectral death yak (Lair:6)
  A spectral anaconda (Lair:6)
  A deep troll (Orc:1)
  An obsidian statue (Lair:6)
  An orange crystal statue (D:10)
  3 ugly things
  A manticore (D:11)
  4 necromancers (Lair:6)
  An orc sorcerer (Orc:1)
  A cyclops (D:13)
  An oklob plant (Lair:4)
  4 slime creatures (D:13)
  19 elephants
  5 black mambas
  A torpor snail (Lair:3)
  A guardian serpent (Lair:3)
  3 gargoyles
  10 cane toads
  A dire elephant skeleton (Lair:6)
  A rime drake (Lair:5)
  10 komodo dragons
  A kobold demonologist (D:11)
  7 trolls
  A hornet (D:10)
  3 polar bears (Lair:5)
  Prince Ribbit (D:5)
  14 blink frogs
  23 dream sheep
  3 jumping spiders (Lair:4)
  A shadow (D:10)
  Sigmund (D:3)
  8 wyverns
  A wraith (D:12)
  2 basilisks
  A spriggan (Lair:5)
  25 yaks
  A death yak simulacrum (Lair:6)
  3 steam dragons
  2 acid dragons
  22 water moccasins
  Duvessa (D:7)
  15 orc warriors
  3 ice beasts
  2 black bears
  4 necrophages
  2 sky beasts (D:6)
  2 ogres (Orc:1)
  15 wolves
  A boggart (D:10)
  3 centaurs
  3 elephant skeletons (Lair:6)
  A kobold brigand (D:8)
  8 bullfrogs
  3 scorpions
  A water moccasin skeleton (D:7)
  Dowan (D:7)
  2 electric eels
  3 centaur zombies
  A hound (D:6)
  A jelly (D:7)
  22 orc priests
  An iguana (D:4)
  3 bullfrog skeletons
  A scorpion zombie (D:5)
  Jessica (D:3)
  Terence (D:2)
  22 orc wizards
  A killer bee zombie (D:6)
  11 gnolls
  A howler monkey skeleton (D:7)
  3 adders
  A shadow imp (D:4)
  3 white imps
  An ufetubus (D:5)
  An adder skeleton (D:4)
  A worm (D:3)
  3 dart slugs
  62 orcs
  A bat (D:2)
  3 endoplasms
  A giant cockroach (D:2)
  3 goblins
  5 hobgoblins
  6 jackals
  10 kobolds
  7 quokkas
  8 ball pythons
  5 frilled lizards
  5 rats
498 creatures vanquished.

Vanquished Creatures (others)
  33 fungi
  66 plants
  32 withered plants (Lair:6)
131 creatures vanquished.

Grand Total: 629 creatures vanquished

Notes
Turn   | Place    | Note
-------+----------+-------------------------------------------
     0 | D:1      | Infinimo the Minotaur Berserker began the quest for the
                  | Orb.
     0 | D:1      | Reached XP level 1. HP: 19/19 MP: 0/0
   202 | D:1      | Reached skill level 4 in Maces & Flails
   203 | D:1      | Reached XP level 2. HP: 27/27 MP: 1/1
   580 | D:2      | Reached XP level 3. HP: 33/33 MP: 2/2
   588 | D:2      | Reached ** piety under Trog
   819 | D:2      | Found Soireim's Antique Weapon Shop.
   830 | D:2      | Reached XP level 4. HP: 40/40 MP: 3/3
   838 | D:2      | Reached skill level 5 in Maces & Flails
  1314 | D:3      | Noticed Sigmund
  1315 | D:3      | Noticed Terence
  1324 | D:2      | HP: 2/41 [Terence/puff of flame (6)]
  1929 | D:2      | Killed Terence
  2025 | D:3      | Killed Sigmund
  2026 | D:3      | Reached skill level 5 in Fighting
  2026 | D:3      | Reached skill level 6 in Maces & Flails
  2026 | D:3      | Reached XP level 5. HP: 48/48 MP: 4/4
  2026 | D:3      | Reached XP level 6. HP: 56/56 MP: 5/5
  2104 | D:3      | Noticed Jessica
  2107 | D:3      | Killed Jessica
  2593 | D:3      | Found a faded altar of an unknown god.
  2710 | D:4      | Reached skill level 7 in Maces & Flails
  2710 | D:4      | Reached skill level 1 in Shields
  2791 | D:4      | Noticed an ice beast
  2796 | D:4      | Killed an ice beast
  2797 | D:4      | Reached XP level 7. HP: 62/62 MP: 6/6
  2965 | D:4      | Found a broken altar of Ashenzari.
  3115 | D:4      | Reached skill level 5 in Armour
  3652 | D:5      | Entered Level 5 of the Dungeon
  3768 | D:5      | Reached *** piety under Trog
  3813 | D:5      | Noticed Prince Ribbit
  3819 | D:5      | Killed Prince Ribbit
  3820 | D:5      | Reached skill level 8 in Maces & Flails
  3984 | D:5      | Reached XP level 8. HP: 71/71 MP: 7/7
  4095 | D:5      | Reached skill level 9 in Maces & Flails
  4321 | D:5      | Found a transporter.
  4321 | D:5      | Noticed ghwc's ghost (amateur MiAK)
  4329 | D:5      | Found a transporter.
  4921 | D:6      | Reached skill level 10 in Maces & Flails
  4921 | D:6      | Reached XP level 9. HP: 79/79 MP: 8/8
  4977 | D:6      | Noticed a two-headed ogre
  4978 | D:6      | Reached skill level 5 in Shields
  5086 | D:6      | Killed a two-headed ogre
  5539 | D:7      | Noticed Duvessa
  5539 | D:7      | Noticed Dowan
  5543 | D:7      | Killed Dowan
  5547 | D:7      | Killed Duvessa
  5658 | D:7      | Found a staircase to the Ecumenical Temple.
  5694 | D:7      | Reached skill level 11 in Maces & Flails
  6487 | D:7      | Identified the +1 ring mail of the Arcane {rC+ SInv}
  6778 | D:8      | Reached XP level 10. HP: 90/90 MP: 9/9
  6788 | D:8      | Noticed a seven-headed hydra
  6798 | D:8      | Killed a seven-headed hydra
  6799 | D:8      | Reached skill level 12 in Maces & Flails
  7774 | D:9      | Found Juraqaeg's Magic Scroll Shoppe.
  7785 | D:9      | Bought a scroll of blinking for 112 gold pieces
  7785 | D:9      | Bought a scroll of enchant weapon for 112 gold pieces
  7785 | D:9      | Bought a scroll of identify for 30 gold pieces
  8028 | D:9      | Found a staircase to the Orcish Mines.
  8388 | D:9      | Noticed a fire dragon
  8393 | D:9      | Identified the +5 trident of Dust {vorpal, rF+ SInv}
  8393 | D:9      | Identified the +8 scale mail of Polytheism {Harm +Blink rN+
                  | Int+4}
  9205 | D:9      | Noticed a two-headed ogre
  9372 | D:9      | Noticed Erica
  9388 | D:9      | Killed Erica
  9389 | D:9      | Reached skill level 13 in Maces & Flails
  9712 | D:9      | Killed a fire dragon
  9913 | D:10     | Entered Level 10 of the Dungeon
  9938 | D:10     | Noticed a gargoyle
  9944 | D:10     | Killed a gargoyle
  9945 | D:10     | Reached skill level 10 in Fighting
  9946 | D:10     | Noticed a gargoyle
  9958 | D:10     | Reached XP level 11. HP: 74/99 MP: 10/10
 10181 | D:10     | Noticed an orange crystal statue
 10402 | D:10     | Killed an orange crystal statue
 10459 | D:10     | Noticed a death yak
 10459 | D:10     | Noticed a death yak
 10460 | D:10     | Noticed a cyan ugly thing
 10461 | D:10     | Noticed a death yak
 10461 | D:10     | Noticed a death yak
 10472 | D:10     | Noticed a death yak
 10475 | D:10     | Killed a death yak
 10481 | D:10     | Noticed a death yak
 10482 | D:10     | Killed a death yak
 10483 | D:10     | Reached skill level 14 in Maces & Flails
 10483 | D:10     | Reached skill level 10 in Armour
 10487 | D:10     | Killed a death yak
 10492 | D:10     | Killed a death yak
 10748 | D:10     | Reached **** piety under Trog
 10940 | D:10     | Found a staircase to the Lair.
 11100 | D:10     | Killed a death yak
 11148 | D:10     | Killed a death yak
 11346 | D:10     | Noticed a red ugly thing
 11361 | D:10     | Killed a cyan ugly thing
 11371 | D:10     | Killed a red ugly thing
 11433 | D:10     | Reached skill level 15 in Maces & Flails
 11698 | D:10     | Paralysed by a hornet for 2 turns
 12070 | D:11     | You fall into a shaft and drop 2 floors!
 12070 | D:13     | Noticed a green ugly thing
 12091 | D:13     | Killed a green ugly thing
 12092 | D:13     | Reached XP level 12. HP: 107/110 MP: 6/11
 12161 | D:13     | Reached skill level 10 in Shields
 12282 | D:13     | Noticed a tengu warrior
 12286 | D:13     | Killed a tengu warrior
 12704 | D:12     | Noticed a centaur warrior
 12714 | D:12     | Killed a centaur warrior
 13936 | D:12     | Noticed an eight-headed hydra
 13937 | D:12     | Noticed a centaur warrior
 13937 | D:12     | Noticed a boulder beetle
 13937 | D:12     | Noticed an ogre mage
 14285 | Lair:1   | Entered Level 1 of the Lair of Beasts
 14332 | Lair:1   | Reached skill level 16 in Maces & Flails
 15288 | Lair:2   | Found a white marble altar of Elyvilon.
 15811 | Lair:2   | Found a staircase to the Shoals.
 16138 | Lair:3   | Noticed a six-headed hydra
 16148 | Lair:3   | Killed a six-headed hydra
 16177 | Lair:3   | HP: 2/112 [komodo dragon (9)]
 17566 | Lair:3   | Reached skill level 17 in Maces & Flails
 17788 | Lair:3   | Noticed a boulder beetle
 17799 | Lair:3   | Killed a boulder beetle
 17800 | Lair:3   | Reached XP level 13. HP: 105/119 MP: 4/12
 17974 | Lair:3   | Found the +3 pair of seven-league boots {Rampage+∞}
 18681 | Lair:4   | Found a hole to the Spider Nest.
 18853 | Lair:4   | Reached ***** piety under Trog
 20208 | Lair:5   | Reached skill level 18 in Maces & Flails
 21893 | Lair:6   | Entered Level 6 of the Lair of Beasts
 21920 | Lair:5   | Reached XP level 14. HP: 130/130 MP: 11/13
 22709 | Lair:6   | Reached skill level 19 in Maces & Flails
 23271 | Lair:6   | Found a viscous altar of Jiyva.
 23271 | Lair:6   | Found a staircase to the Slime Pits.
 24426 | Lair:6   | Received a gift from Trog
 25253 | Lair:6   | Identified a scroll of acquirement
 25253 | Lair:6   | Acquired the +1 pair of gloves "Ucasit" {rC+ Dex+2 SInv
                  | Stlth+}
 25462 | Lair:6   | Reached skill level 20 in Maces & Flails
 25643 | Lair:6   | Identified the +6 trident of the Scavenger {vorpal, *Rage
                  | +Blink rC+++ Dex+3}
 25826 | Orc:1    | Entered Level 1 of the Orcish Mines
 26131 | Orc:1    | Noticed Snorg
 26132 | Orc:1    | Noticed Nergalle
 26146 | Orc:1    | Killed Snorg
 26154 | Orc:1    | Killed Nergalle
 26533 | Orc:2    | Entered Level 2 of the Orcish Mines
 26559 | Orc:2    | Reached skill level 15 in Fighting
 26559 | Orc:2    | Reached XP level 15. HP: 108/138 MP: 14/14
 26836 | Orc:2    | Received a gift from Trog
 26859 | Orc:1    | Mangled by a two-headed ogre

Illustrated notes

Levels and vault maps discovered:
D:1:      scummos_arrival_gate, layout_basic
D:2:      layout_rooms, serial_shops, shop_statue, minmay_split_cup_large
D:3:      layout_basic, hellmonk_ecumenical_altar_inner_sanctum, uniq_sigmund,
          uniq_terence, uniq_jessica
D:4:      layout_loops_corners, ashenzari_altar_1
D:5:      layout_loops_ring, gammafunk_ghost_hive, minivault_23,
          uniq_prince_ribbit1
D:6:      layout_cave_pools
D:7:      layout_basic, lemuel_temple_firewalk_a, uniq_duvessa
D:8:      layout_layer_cave
D:9:      dragon1_lemuel, layout_small_grid, david_orc_5, serial_shops,
          nicolae_shop_advertising_works [nicolae_subvault_shop_adworks],
          kennysheep_pointless_box, evilmike_butchery, uniq_erica
D:10:     layout_irregular_city, dpeg_lair_monsters, minivault_15,
          minmay_diamond_spiral
D:11:     layout_roguey
D:12:     layout_long_grid, minivault_12
D:13:     layout_roguey, ebering_ghost_rock_garden, serial_corexii_hall,
          corexii_hall_statues_s, chequers_hall_statues_y
Lair:1:   layout_hall_layers
Lair:2:   layout_chaotic_city, elwin_shoals_entry_rocks, basic_altar,
          chequers_serial_rivers_small_3
Lair:3:   layout_roguey, hellmonk_guarded_unrand_seven_league_boots,
          wad_woods_river_01, serial_bayou_shore_b
Lair:4:   layout_loops_ring, spider_nest_entry_a
Lair:5:   layout_regular_city, forest_entry_grove, lemuel_fruit_fields
Lair:6:   due_jungle_book, layout_small_grid, dpeg_slime_entry_enclosed_altar,
          infiniplex_staircase_pool, lemuel_fruit_fields
Orc:1:    layout_caves, uniq_snorg, uniq_nergalle
Orc:2:    st_orc_open, layout_caves, mines2_david

Skill      XL: |  1  2  3  4  5  6  7  8  9 10 11 12 13 14 |
---------------+-------------------------------------------+-----
Maces & Flails | 4 6 7 8 10 11 13 15 17 18 20 | 20.3
Fighting       | 4 5 6 7 8 10 11 12 13 15 | 15.0
Armour         | 3 4 5 6 8 9 11 12 13 14 | 14.8
Shields        | 1 3 4 6 8 9 11 12 14 | 14.1
Dodging        | |  2.1

Action                   |  1- 3 |  4- 6 |  7- 9 | 10-12 | 13-15 || total
-------------------------+-------+-------+-------+-------+-------++-------
Melee: Mace              |    44 |    68 |       |       |       ||   112
       Headbutt          |     5 |    11 |    43 |   124 |   231 ||   414
       Flail             |       |    15 |   220 |   192 |       ||   427
       Morningstar       |       |       |       |   376 |   869 ||  1245
Invok: Berserk           |     1 |     8 |    14 |    21 |    15 ||    59
Evoke: Wand              |       |       |       |       |     1 ||     1
  Use: Scroll            |       |     5 |     4 |     6 |    12 ||    27
       Potion            |       |       |       |     3 |       ||     3
Armor: Animal skin       |     6 |     4 |       |       |       ||    10
       Scale mail        |       |    13 |    76 |       |       ||    89
       Plate armour      |       |       |    35 |   246 |   539 ||   820
Dodge: Dodged            |    28 |    40 |    84 |   142 |   257 ||   551
Block: Buckler           |       |     3 |    37 |    91 |   252 ||   383
